AoeStats
← joaquinlopezlopez90

African Clearing

510428007Analyzed
3v3 RM · 1d ago on Oct 1, 2026· 46m 10s· 6 players
Game mode
Random Map
Map size
Normal (6 player)
Population
200
Speed
Normal
Resources
Standard
Victory
Conquest
Starting age
Dark Age
Ending age
Imperial Age
RankedLock teamsTeams togetherTeam positionsShared explorationLock speedFull tech treeHidden civsTurbo modeCheats
Victory
Defeat
🇺🇸 Bohemians · United States
905
+16
🇺🇸 Vietnamese · United States
891
+17
🇺🇸 Huns · United States
891
+17
🇦🇷 Mongols · Argentina
930
-17
🇦🇷 Vietnamese · Argentina
923
-17
🇦🇷 Huns · Argentina
882
-16
Neumanoooo
9:56 Loom
12:34 Feudal Age
18:16 Castle Age
17:42 Wheelbarrow
17:01 Double-Bit Axe
24:23 Husbandry
31:46 Imperial Age
30:59 Bloodlines
31:54 Horse Collar
32:30 Bow Saw
32:11 Gold Mining
32:15 Stone Mining
33:17 Ballistics
33:05 Scale Barding Armor
33:08 Fletching
33:19 Padded Archer Armor
35:37 Forging
36:13 Hand Cart
37:03 Gold Shaft Mining
37:29 Two-Man Saw
36:41 Cavalier
37:51 Chain Barding Armor
37:50 Crossbowman
38:35 Thumb Ring
38:48 Heavy Plow
39:54 Chemistry
38:52 Bodkin Arrow
39:12 Leather Archer Armor
41:09 Paladin
43:23 Conscription
Felch Baby
5:26 Loom
19:45 Feudal Age
20:27 Double-Bit Axe
21:00 Gold Mining
24:38 Castle Age
25:18 Crossbowman
26:08 Padded Archer Armor
26:53 Horse Collar
28:15 Fletching
30:10 Loom
31:40 Ballistics
32:24 Leather Archer Armor
32:50 Wheelbarrow
35:53 Bodkin Arrow
38:08 Thumb Ring
43:27 Hand Cart
48:23 Imperial Age
slumlord866
7:17 Loom
15:24 Feudal Age
21:07 Castle Age
19:32 Horse Collar
21:42 Wheelbarrow
23:46 Double-Bit Axe
24:06 Fletching
24:16 Padded Archer Armor
27:31 Bow Saw
28:45 Leather Archer Armor
31:30 Elite Skirmisher
36:39 Imperial Age
35:01 Caravan
36:27 Heavy Plow
37:55 Chemistry
36:35 Pikeman
37:50 Hand Cart
38:31 Imperial Skirmisher
44:17 Bodkin Arrow
44:52 Ring Archer Armor
44:33 Forging
44:23 Scale Mail Armor
44:12 Houfnice
45:01 Wagenburg Tactics
45:04 Hussite Reforms
45:21 Conscription
45:58 Wagenburg Tactics
joaquinlopezlopez90
18:17 Feudal Age
22:28 Castle Age
22:00 Double-Bit Axe
26:18 Horse Collar
31:46 Wheelbarrow
32:01 Stone Mining
34:56 Forging
34:52 Scale Barding Armor
35:16 Bloodlines
35:18 Husbandry
38:44 Imperial Age
36:48 Marauders
37:36 Iron Casting
37:23 Chain Barding Armor
41:08 Hand Cart
42:06 Bow Saw
41:55 Gold Mining
48:06 Imperial Age
Sr. Claudio
15:47 Feudal Age
16:27 Double-Bit Axe
16:48 Horse Collar
21:47 Fletching
21:57 Padded Archer Armor
28:21 Castle Age
30:42 Elite Skirmisher
32:35 Gold Mining
32:35 Stone Mining
35:17 Bow Saw
41:24 Imperial Age
39:50 Bodkin Arrow
40:10 Leather Archer Armor
45:44 Ballistics
StuartLittle
9:17 Loom
14:54 Feudal Age
17:12 Double-Bit Axe
19:37 Castle Age
19:02 Wheelbarrow
21:01 Fletching
22:36 Gold Mining
29:44 Bodkin Arrow
29:51 Padded Archer Armor
33:52 Scale Barding Armor
34:05 Hand Cart
34:19 Ballistics
35:47 Chain Barding Armor
35:58 Town Watch
36:59 Bloodlines
37:03 Forging
37:19 Bow Saw
43:30 Iron Casting
45:16 Thumb Ring
Connection lost

Rejoining the realm…

Still unreachable

The connection could not be restored.

Session expired

The server has moved on; the page needs a fresh start.